 Dungeon Crawl Stone Soup version 0.27.0-1-g7a089689b8 (webtiles) character file.

Game seed: 2522402240417980642

114 x13thangelx the Skirmisher (level 4, -9/37 HPs)
             Began as a Demonspawn Abyssal Knight on Aug 7, 2021.
             Was a Believer of Lugonu.
             Mangled by an ogre (26 damage)
             ... on level 3 of the Dungeon.
             The game lasted 00:08:35 (3228 turns).

x13thangelx the Skirmisher (DsAK)                   Turns: 3228, Time: 00:08:36

Health: -9/37      AC: 10    Str: 13    XL:     4   Next: 66%
Magic:  6/6        EV:  8    Int: 14    God:    Lugonu [**....]
Gold:   67         SH:  0    Dex: 12    Spells: 3/3 levels left

rFire    . . .     SeeInvis .   a - +1 falchion
rCold    . . .     Faith    +   (no shield)
rNeg     . . .     Spirit   .   c - +0 chain mail
rPois    .         Reflect  .   k - +0 helmet
rElec    .         Harm     .   (no cloak)
rCorr    .         Rampage  .   (no gloves)
Will     .....                  (no boots)
Stlth    ..........             e - amulet of faith
HPRegen  0.12/turn              f - ring of flight
MPRegen  0.10/turn              (no ring)

@: attractive, flying
A: talons 1, repulsion field 1
a: Renounce Religion, Depart the Abyss, Bend Space


You were on level 3 of the Dungeon.
You worshipped Lugonu.
Lugonu was pleased with you.
You visited 1 branch of the dungeon, and saw 3 of its levels.
You visited the Abyss 1 time.

You collected 67 gold pieces.

Inventory:

Hand Weapons
 a - a +1 falchion (weapon)
 d - a +0 hunting sling
 h - a +3 dagger
Missiles
 g - 11 poisoned darts (quivered)
 i - 52 stones
Armour
 b - a +0 leather armour
 c - a +0 chain mail (worn)
 k - a +0 helmet (worn)
Magical Staves
 j - a staff of poison
Jewellery
 e - an amulet of faith (around neck)
 f - a ring of flight (left hand)
Scrolls
 l - a scroll of acquirement {unknown}
 m - a scroll of teleportation {unknown}


   Skills:
 + Level 3.8 Fighting
 + Level 2.7 Long Blades
 + Level 3.0 Armour
 + Level 1.0 Dodging
 + Level 0.2 Stealth
 + Level 2.7 Invocations


You had 3 spell levels left.
You didn't know any spells.
Your spell library contained the following spells:

 Spells                   Type           Power      Damage    Failure   Level
 Summon Small Mammal      Summ           0%         N/A       100%        1
 Call Canine Familiar     Summ           0%         N/A       100%        3
 Summon Guardian Golem    Hex/Summ       0%         N/A       100%        3


Dungeon Overview and Level Annotations

Branches:
Dungeon (3/15)

Altars:

Shops:
D:2 :


Innate Abilities, Weirdness & Mutations

You have sharp toenails.
You are surrounded by a mild repulsion field. (EV +2)


Message History

An adder comes into view.
The adder hisses angrily.
You now have 67 gold pieces (gained 10).
There are no items here.
An adder is nearby!
You hit the adder. You claw the adder.
The adder is heavily wounded.
The adder bites you but does no damage.
You miss the adder. Your kick misses the adder.
The adder is heavily wounded.
The adder closely misses you.
You hit the adder.
The adder is almost dead.
The adder bites you. The adder closely misses you.
You riposte.
You slash the adder!
You kill the adder!
Lugonu accepts your kill.
Your Armour skill increases to level 3!
HP restored.
An ogre comes into view. It is wielding a +0 giant club.
Found a stone staircase leading up.
An endoplasm comes into view.
The ogre barely misses you.
The endoplasm moves out of view.
You closely miss the ogre. Your kick misses the ogre.
The ogre hits you with a +0 giant club!
Your chain mail prevents you from hitting the ogre.
You claw the ogre.
The ogre is lightly wounded.
The ogre hits you with a +0 giant club.
You hit the ogre.
The ogre is moderately wounded.
You hit the ogre.
The ogre is moderately wounded.
The ogre barely misses you.
Okay, then.
It was a potion of attraction.
You feel attractive to monsters.
The ogre hits you with a +0 giant club!!
Ouch! That really hurt!
You die...

.#..... ...<..
###....# ......+
#############....#
..<.............J#
.#.######.......O#
#..............@##
#####...#..#.....#
##..........#.#
#..#......#...#
.####.†...........#
.................##
####...#......#..#
###..........##
#...#..#...#


You could see an ogre and an endoplasm.

Vanquished Creatures
  Robin (D:2)
  4 adders
  2 worms (D:2)
  5 ball pythons
  An endoplasm (D:1)
  A giant cockroach (D:1)
  13 goblins (D:2)
  4 hobgoblins
  5 jackals
  3 kobolds (D:1)
  2 quokkas
  8 bats
  3 frilled lizards
  5 rats
57 creatures vanquished.

Vanquished Creatures (others)
  A goblin (D:2)
  A hobgoblin (D:1)
2 creatures vanquished.

Grand Total: 59 creatures vanquished

Notes
Turn   | Place    | Note
-------+----------+-------------------------------------------
     0 | Abyss:1  | x13thangelx the Demonspawn Abyssal Knight began the quest
                  | for the Orb.
     0 | Abyss:1  | Reached XP level 1. HP: 18/18 MP: 2/2
    85 | Abyss:1  | Noticed an orange demon
    86 | Abyss:1  | Noticed a thrashing horror
    87 | D:1      | Escaped the Abyss
   466 | D:1      | Found a faded altar of an unknown god.
   468 | D:1      | Reached * piety under Lugonu
   643 | D:1      | Gained mutation: You have sharp toenails. [demonic
                  | ancestry]
   643 | D:1      | Reached XP level 2. HP: 19/24 MP: 3/3
   894 | D:1      | Reached skill level 1 in Dodging
  1646 | D:2      | Reached XP level 3. HP: 24/29 MP: 5/5
  1804 | D:2      | Found Ogeex Pad's Book Shoppe.
  2138 | D:2      | Reached ** piety under Lugonu
  2509 | D:2      | Noticed Robin
  2518 | D:2      | Gained mutation: You are surrounded by a mild repulsion
                  | field. (EV +2) [demonic ancestry]
  2518 | D:2      | Reached XP level 4. HP: 28/37 MP: 6/6
  2540 | D:2      | Killed Robin
  3220 | D:3      | Noticed an ogre
  3228 | D:3      | Mangled by an ogre

Illustrated notes

Levels and vault maps discovered:
D:1:      dpeg_arrival_erosion, layout_loops_corners,
          chequers_ecumenical_altar_lobes, kennysheep_another_room,
          lemuel_old_faithful
D:2:      layout_loops_corners, serial_shops, shop_fountains, uniq_robin
D:3:      layout_basic, minmay_misc_feat_plants

Skill      XL: |  1  2  3  4 |
---------------+-------------+-----
Armour         | 2 3 |  3.0
Dodging        | 1 |  1.0
Long Blades    | 2 |  2.7
Fighting       | |  3.8
Stealth        | |  0.2
Invocations    | |  2.7

Action                   |  1- 3 |  4- 6 || total
-------------------------+-------+-------++-------
Melee: Falchion          |   128 |    39 ||   167
       Kick              |    17 |    12 ||    29
Throw: Stone             |     5 |       ||     5
       Dart              |     4 |       ||     4
Invok: Depart the Abyss  |     1 |       ||     1
  Use: Scroll            |     3 |       ||     3
       Potion            |     2 |     2 ||     4
Armor: Chain mail        |   108 |    29 ||   137
Dodge: Dodged            |    44 |    17 ||    61
       Rpst.: Falchion   |    15 |     6 ||    21
